 Dungeon Crawl Stone Soup version 0.32-a0-921-g04a7ad8e02 (webtiles) character file.

Game seed: 12997733219449899145

120 Revguard the Trooper (level 4, 0/35 HPs)
             Began as a Demonspawn Fighter on Apr 12, 2024.
             Slain by an adder (3 damage)
             ... on level 3 of the Dungeon.
             The game lasted 00:03:49 (1308 turns).

Revguard the Trooper (Demonspawn Fighter)           Turns: 1308, Time: 00:03:51

Health: 0/35       AC:  7    Str: 18    XL:     4   Next: 75%
Magic:  5/5        EV:  8    Int: 10    God:
Gold:   29         SH:  4    Dex: 13    Spells: 3/3 levels left

rFire   . . .        a - +0 war axe
rCold   . . .        c - +0 buckler
rNeg    . . .        b - +0 scale mail
rPois   .            (no helmet)
rElec   .            f - +0 cloak
rCorr   .            (no gloves)
SInv    .            (no boots)
Will    .....        (no amulet) Stlth
                     (no ring)
HPRegen 0.25/turn    (no ring)
MPRegen 0.09/turn

%: no passive effects
@: mighty, lethally poisoned (0 -> -6)
A: powered by death 1, big brain 1
a: no special abilities


You were on level 3 of the Dungeon.
You visited 1 branch of the dungeon, and saw 3 of its levels.

You collected 29 gold pieces.

Inventory:

Hand Weapons
 a - a +0 war axe (weapon)
Armour
 b - a +0 scale mail (worn)
 c - a +0 buckler (worn)
 f - a +0 cloak (worn)
Scrolls
 g - a scroll of fear {unknown}
 i - a scroll of poison {unknown}
 j - a scroll of blinking {unknown}
 o - a scroll of teleportation {unknown}
 q - 3 scrolls of immolation {unknown}
 s - a scroll of noise {unknown}
Potions
 h - a potion of degeneration {unknown}
 k - a potion of brilliance {unknown}
 l - a potion of mutation {unknown}
 m - a potion of experience {unknown}
 n - a potion of invisibility {unknown}
 p - a potion of haste {unknown}
 r - a potion of heal wounds {unknown}


   Skills:
 + Level 3.5 Fighting
 + Level 2.5 Axes
 + Level 3.1 Armour
 + Level 1.2 Dodging
 + Level 3.1 Shields
 + Level 1.8 Invocations
 + Level 1.2 Evocations


You had 3 spell levels left.
You didn't know any spells.
Your spell library contained the following spells:

 Spells                   Type           Power      Damage    Failure   Level
 Ignite Poison            Fire/Alch      0%         N/A       100%        4
 Sticky Flame             Fire/Alch      0%         2d4       100%        4
 Ignition                 Fire           0%         3d3       100%        8


Dungeon Overview and Level Annotations

Branches:
Dungeon (3/15)

Altars:


Innate Abilities, Weirdness & Mutations

You regenerate a little health from kills.
You have an unusually large brain. (Int +2)


Message History

A giant cockroach comes into view.
Ijyb barely misses you.
You barely miss Ijyb. Ijyb hits you but does no damage.
You feel very mighty all of a sudden. You block Ijyb's attack.
You slash Ijyb!
Ijyb is heavily wounded.
You miss the adder. You block Ijyb's attack. The adder bites you.
Ijyb closely misses you.
You closely miss Ijyb.
Ijyb is heavily wounded.
You closely miss the adder. The adder bites you.
* * * LOW HITPOINT WARNING * * *
The adder closely misses you. Ijyb hits you with a +0 dagger.
* * * LOW HITPOINT WARNING * * *
You slash Ijyb!
Ijyb is severely wounded.
You barely miss the adder. The adder bites you but does no damage.
Ijyb hits you but does no damage. The adder closely misses you.
You barely miss Ijyb.
Ijyb is severely wounded.
You barely miss the adder. You slash the giant cockroach!
You kill the giant cockroach!
You block the adder's attack. Ijyb hits you with a +0 dagger.
* * * LOW HITPOINT WARNING * * *
The adder barely misses you. Ijyb hits you but does no damage.
You slash Ijyb!
You kill Ijyb!
You miss the adder.
The adder bites you but does no damage. x2
You miss the adder. The adder closely misses you. x2
You hit the adder.
The adder is moderately wounded.
The adder bites you but does no damage.
You barely miss the adder.
The adder is moderately wounded.
The adder bites you.
* * * LOW HITPOINT WARNING * * *
You are lethally poisoned!
The adder poisons you! The adder bites you.
You die...

#####.#######.#.##
#....# #........#..
####.####...# .......
#†#....####.......
######.................
#.......................
..######............$...
#.......)S.......
###.......@........
............$.......
####......).........
#................
#.........#######
###########


You could see an adder.

Vanquished Creatures
  A scorpion (D:3)
  Ijyb (D:3)
  2 dart slugs
  2 ribbon worms (D:2)
  4 ball pythons
  2 endoplasms (D:1)
  2 giant cockroaches
  2 goblins (D:1)
  A hobgoblin (D:1)
  3 kobolds
  A quokka (D:1)
  3 bats
  3 frilled lizards (D:2)
  5 rats
32 creatures vanquished.

Notes
Turn   | Place    | Note
-------+----------+-------------------------------------------
     0 | D:1      | Revguard the Demonspawn Fighter began the quest for the
                  | Orb.
     0 | D:1      | Reached XP level 1. HP: 18/18 MP: 1/1
     6 | D:1      | Noticed a brain worm
     6 | D:1      | Noticed an anaconda
     6 | D:1      | Noticed a boulder beetle
     7 | D:1      | Noticed a hound
     7 | D:1      | Noticed a black bear
   259 | D:1      | Gained mutation: You have an unusually large brain. (Int
                  | +2) [demonic ancestry]
   259 | D:1      | Reached XP level 2. HP: 24/24 MP: 2/2
   917 | D:2      | Reached XP level 3. HP: 29/29 MP: 3/3
  1251 | D:3      | Noticed a scorpion
  1262 | D:3      | Killed a scorpion
  1263 | D:3      | Reached skill level 1 in Dodging
  1263 | D:3      | Reached skill level 1 in Invocations
  1263 | D:3      | Reached skill level 1 in Evocations
  1263 | D:3      | Gained mutation: You regenerate a little health from kills.
                  | [demonic ancestry]
  1263 | D:3      | Reached XP level 4. HP: 34/35 MP: 3/5
  1291 | D:3      | Noticed Ijyb
  1305 | D:3      | Killed Ijyb
  1308 | D:3      | Slain by an adder

Illustrated notes

Levels and vault maps discovered:
D:1:      onia_arrival_zoo_common, layout_basic
D:2:      layout_basic
D:3:      layout_rooms, trog_hazing_becter, kennysheep_generic_room_11,
          uniq_ijyb, uniq_robin, uniq_sigmund

Skill      XL: |  1  2  3 |
---------------+----------+-----
Axes           | 2 |  2.5
Armour         | 3 |  3.1
Dodging        | 1 |  1.2
Shields        | 3 |  3.1
Invocations    | 1 |  1.8
Evocations     | 1 |  1.2
Fighting       | |  3.5

Action                     |  1- 3 |  4- 6 || total
---------------------------+-------+-------++-------
  Melee: War axe           |   108 |    13 ||   121
    Use: Potion            |       |     2 ||     2
 Armour: Scale mail        |   101 |    20 ||   121
  Dodge: Dodged            |    50 |     9 ||    59
  Block: Buckler           |    33 |     4 ||    37

Table legend: (Time is in decaauts)
 A = Elapsed time spent in this place.
 B = Non-inter-level travel time spent in this place.
 C = Inter-level travel time spent in this place.
 D = Time resting spent in this place.
 E = Time spent auto-exploring this place.
 F = Levels seen in this place.
 G = Mean time per level.
                   A        B        C        D        E       F      G
               +--------+--------+--------+--------+--------+-----+--------+
         Total |   1359 |   1318 |     41 |      0 |    923 |   3 |  453.0 |
       Dungeon |   1359 |   1318 |     41 |      0 |    923 |   3 |  453.0 |
               +--------+--------+--------+--------+--------+-----+--------+

Top non-repeatable levels by time:
     D:2: 666 daAuts
     D:1: 612 daAuts
     D:3: 80 daAuts
